AoeStats
← Peshmerga424

Arena

510655646Analyzed
2v2 RM · 14h ago on Oct 2, 2026· 34m 48s· 4 players
Game mode
Random Map
Map size
Medium (4 player)
Population
200
Speed
Normal
Resources
Standard
Victory
Conquest
Starting age
Dark Age
Ending age
Imperial Age
RankedLock teamsTeams togetherTeam positionsShared explorationLock speedFull tech treeHidden civsTurbo modeCheats
Victory
Defeat
🇨🇱 Britons · Chile
1207
+13
🇸🇪 Turks · Sweden
1137
+16
🇺🇸 Slavs · United States
1161
-15
🇺🇸 Khmer · United States
1125
-14
jscheng35
11:02 Feudal Age
14:54 Castle Age
12:47 Double-Bit Axe
13:40 Horse Collar
16:17 Bow Saw
17:58 Husbandry
20:31 Wheelbarrow
20:38 Heavy Plow
21:51 Bloodlines
25:50 Hand Cart
29:12 Imperial Age
27:17 Padded Archer Armor
26:40 Elite Skirmisher
28:30 Fletching
29:20 Leather Archer Armor
29:15 Forging
29:58 Scale Barding Armor
30:19 Conscription
30:06 Capped Ram
30:34 Cavalier
32:54 Iron Casting
32:40 Chain Barding Armor
34:53 Ring Archer Armor
34:18 Bodkin Arrow
Wise Frog
11:48 Feudal Age
14:53 Castle Age
13:36 Horse Collar
13:47 Double-Bit Axe
17:37 Town Watch
18:33 Wheelbarrow
17:43 Loom
20:03 Forging
20:48 Scale Barding Armor
21:37 Husbandry
22:10 Hand Cart
21:41 Town Watch
22:20 Bloodlines
22:23 Gold Mining
24:03 Iron Casting
26:06 Chain Barding Armor
25:37 Fletching
26:28 Fortified Wall
27:50 Bodkin Arrow
28:08 Stone Mining
27:58 Light Cavalry
28:42 Heavy Plow
28:54 Bow Saw
33:55 Imperial Age
31:49 Ballistics
31:25 Murder Holes
31:41 Masonry
Peshmerga424
11:01 Feudal Age
10:13 Loom
15:24 Castle Age
13:53 Double-Bit Axe
14:01 Horse Collar
14:39 Gold Mining
16:28 Heavy Plow
22:43 Bow Saw
27:23 Imperial Age
25:45 Forging
25:40 Scale Barding Armor
26:28 Wheelbarrow
29:28 Iron Casting
28:45 Fletching
29:59 Bloodlines
29:51 Husbandry
29:40 Sappers
30:33 Conscription
30:15 Heavy Camel Rider
31:27 Hand Cart
33:33 Town Watch
35:32 Blast Furnace
crewza523
10:07 Feudal Age
12:17 Wheelbarrow
14:38 Castle Age
14:10 Double-Bit Axe
14:25 Horse Collar
16:26 Bow Saw
16:19 Heavy Plow
18:35 Stone Mining
27:03 Imperial Age
24:34 Gold Mining
25:44 Fletching
26:42 Gold Shaft Mining
27:00 Bodkin Arrow
27:34 Padded Archer Armor
27:56 Bracer
28:24 Ballistics
28:36 Forging
29:28 Chemistry
29:26 Hand Cart
29:21 Scale Mail Armor
29:51 Loom
29:52 Town Watch
30:16 Squires
30:53 Iron Casting
30:18 Pikeman
31:14 Chain Mail Armor
32:12 Two-Man Saw
32:54 Blast Furnace
31:43 Halberdier
34:31 Plate Mail Armor
33:32 Man-at-Arms
33:57 Gambesons
34:29 Leather Archer Armor
34:33 Long Swordsman
Connection lost

Rejoining the realm…

Still unreachable

The connection could not be restored.

Session expired

The server has moved on; the page needs a fresh start.